 Dungeon Crawl Stone Soup version 0.29-a0-360-g8ed1089bbe (webtiles) character file.

Game seed: 9951876299486829003

347 Zeldest the Magician (level 6, -11/70 HPs)
             Began as a Djinni Wanderer on Apr 28, 2022.
             Mangled by a troll (12 damage)
             ... on level 5 of the Dungeon.
             The game lasted 00:05:17 (3416 turns).

Zeldest the Magician (Djinni Wanderer)              Turns: 3416, Time: 00:05:18

Health: -11/70     AC: 23    Str: 12    XL:     6   Next: 91%
Gold:   63         EV:  2    Int: 14    God:
                   SH:  5    Dex: 23

rFire   x . .      SeeInvis .   q - +5 long sword of the Grave {holy, rPois rF- Will- Dex+10}
rCold   . . .      Faith    .   b - +0 buckler
rNeg    . . .      Spirit   .   (body armour currently unavailable)
rPois   ∞          Reflect  .   (helmet currently unavailable)
rElec   .          Harm     .   (cloak currently unavailable)
rCorr   .          Rampage  .   (gloves currently unavailable)
Will    .....      NoTele   +   (boots unavailable)
Stlth   ++........              (no amulet)
HPRegen 0.21/turn               i - ring of wizardry
MPRegen 0.00/turn               (no ring)

@: tree-form, weak-willed
A: stationary, stasis, torment immunity, boosted hp, sickness immunity, (fire
resistance 2), (cold vulnerability 1), float, innate caster, HP casting, extra
vitality 1
a: no special abilities


You were on level 5 of the Dungeon.
You were a tree.
You visited 1 branch of the dungeon, and saw 6 of its levels.

You collected 113 gold pieces.
You spent 50 gold pieces at shops.

Inventory:

Hand Weapons
 a - a +0 hand crossbow
 f - a +4 dagger
 m - a +2 falchion of holy wrath
 q - the +5 long sword of the Grave (weapon) {holy, rPois rF- Will- Dex+10}
   (You found it on level 6 of the Dungeon)

   It has been blessed by the Shining One to cause great damage to the undead
   and demons.
   Dex:       It affects your dexterity (+10).
   rF:        It makes you vulnerable to fire.
   rPois:     It protects you from poison.
   Will:      It decreases your willpower.
Armour
 b - a +0 buckler (worn)
 d - a +0 leather armour (melded)
 j - a scarf of shadows
Jewellery
 i - a ring of wizardry (left branch)
 o - a ring of resist corrosion
Scrolls
 e - a scroll of magic mapping
 p - a scroll of immolation
Potions
 c - a potion of lignification
 l - a potion of brilliance


   Skills:
 + Level 3.6 Fighting
 - Level 1.0 Crossbows
 - Level 1.0 Throwing
 - Level 1.0 Armour
 - Level 1.1 Dodging
 - Level 1.0 Stealth
 - Level 1.0 Shields
 * Level 4.3 Spellcasting


You had 3 spell levels left.
You knew the following spells:

 Your Spells              Type           Power      Damage    Failure   Level
a - Blink                 Tloc           30%        N/A       2%          2
b - Petrify               Tmut/Erth      15%        N/A       16%         4
c - Passwall              Tmut/Erth      12%        N/A       2%          2
d - Apportation           Tloc           30%        N/A       1%          1
e - Sandblast             Erth           30%        2d9       1%          1

Your spell library contained the following spells:

 Spells                   Type           Power      Damage    Failure   Level


Dungeon Overview and Level Annotations

Branches:
Dungeon (6/15)
 Temple: D:4-7

Altars:
Ashenzari

Shops:
D:2 (   D:6 *

Annotations:
D:6 Eustachio


Innate Abilities, Weirdness & Mutations

You are a tree.
Your roots penetrate the ground, keeping you stationary.
You cannot be teleported.
You are immune to unholy pain and torment.
Your maximum health is greatly increased.
Your equipment is partially melded.
You are immune to sickness and miasma.
You are immune to poison.
((Your flesh is very heat resistant. (rF++)))
((You are vulnerable to cold. (rC-)))
You float through the air rather than walking.
You learn spells naturally, not from books.
Your magical power is your life essence.
You have superior vitality. (+4 MHP)


Message History

The troll looks frightened!
The scorpion looks frightened!
You start resting.
A scorpion is nearby!
A scorpion is nearby!
You are already wielding that!
Unknown command.
Okay, then.
As you read the scroll labelled MUERARGH QUSCHOSTU, it crumbles to dust.
You cannot blink because you are held in place by your roots.
It was a scroll of blinking.
As you read the scroll labelled JUALACLACO, it crumbles to dust.
Your attack snaps the scorpion out of its fear.
Magic quickly surges around you.
It was a scroll of vulnerability.
You hit the scorpion.
The scorpion is moderately wounded.
The scorpion stings you but does no damage.
You block the scorpion's attack.
You completely miss the scorpion.
The scorpion is moderately wounded.
The scorpion stings you but does no damage.
The scorpion barely misses you.
You hit the scorpion.
The scorpion is heavily wounded.
The scorpion stings you but does no damage.
You hit the scorpion.
The scorpion is heavily wounded.
The scorpion stings you.
* * * LOW HITPOINT WARNING * * *
The scorpion stings you.
* * * LOW HITPOINT WARNING * * *
You slash the scorpion!
You kill the scorpion!
The troll bites you but does no damage.
The troll claws you but does no damage. x2
You aren't carrying any items that you can evoke.
Okay, then.
Okay, then.
You slash the troll!
The troll is moderately wounded.
The troll bites you!
You die...

..###.#.# #.##..#.#
#.##.##.#
###.##.##.###
#.#####....>....).###
#...................#
#.............#.#.####
#.###T#.##.##.#...†...
#♣#.##............
#.#.#####.....####
#.#.# ###.###### ....#
#......< #....
...##### #..##
##(...... #... ..#####
#..# # #


You could see a troll.

Vanquished Creatures
  A scorpion (D:5)
  An orc priest (D:5)
  A gnoll shaman (D:5)
  An iguana (D:5)
  2 orc wizards (D:5)
  4 gnolls
  3 adders
  A shadow imp (D:6)
  A dart slug (D:2)
  6 orcs (D:5)
  6 ball pythons
  7 endoplasms
  A giant cockroach (D:1)
  9 goblins
  7 hobgoblins
  A jackal (D:1)
  2 quokkas
  7 bats
  4 frilled lizards (D:1)
  11 kobolds
  3 rats
79 creatures vanquished.

Notes
Turn   | Place    | Note
-------+----------+-------------------------------------------
     0 | D:1      | Zeldest the Djinni Wanderer began the quest for the Orb.
     0 | D:1      | Reached XP level 1. HP: 17/17 MP: 0/0
   250 | D:1      | Reached skill level 2 in Spellcasting
   250 | D:1      | Reached XP level 2. HP: 21/22 MP: 0/0
   292 | D:1      | Reached XP level 3. HP: 28/28 MP: 0/0
   292 | D:1      | Learned a level 1 spell: Apportation
   716 | D:1      | Reached XP level 4. HP: 31/33 MP: 0/0
   979 | D:2      | Noticed a golden eye
   986 | D:2      | Found a faded altar of an unknown god.
   988 | D:2      | Noticed an eye of devastation
  1151 | D:2      | Noticed an eye of devastation
  1158 | D:2      | Noticed a shining eye
  1382 | D:2      | Reached skill level 3 in Spellcasting
  1394 | D:2      | Found Lasmur's Antique Weapon Shoppe.
  2060 | D:3      | Reached XP level 5. HP: 35/39 MP: 0/0
  2060 | D:3      | Learned a level 2 spell: Blink
  2558 | D:4      | Found a broken altar of Ashenzari.
  2593 | D:4      | You are sucked into a shaft and drop 2 floors!
  2598 | D:6      | Identified the +5 long sword of the Grave {holy, rPois rF-
                  | Will- Dex+10}
  2607 | D:6      | Found Jiptit's Assorted Antiques.
  2618 | D:6      | Noticed Eustachio
  2620 | D:6      | Bought a scroll labelled FYDGHI SAUSO for 25 gold pieces
  2620 | D:6      | Bought a scroll labelled FYDGHI SAUSO for 25 gold pieces
  2630 | D:5      | Entered Level 5 of the Dungeon
  2852 | D:5      | HP: 2/60 [orc priest/divine providence (8)]
  2858 | D:5      | Reached XP level 6. HP: 10/46 MP: 0/0
  3185 | D:5      | Reached skill level 4 in Spellcasting
  3381 | D:5      | Noticed a troll
  3396 | D:5      | HP: 3/69 [iguana (9)]
  3414 | D:5      | HP: 1/69 [scorpion (4)]
  3416 | D:5      | Mangled by a troll

Illustrated notes

Levels and vault maps discovered:
D:1:      dpeg_arrival_rhombus, layout_loops_corners, minmay_vboxes
D:2:      layout_rooms, serial_shops, nicolae_diamond_shop,
          hellmonk_ecumenical_altar_watching_god
D:3:      layout_basic
D:4:      layout_basic, minitemple, cheibrodos_ashenzari_chains
D:5:      layout_loops_ring, minmay_temple_entry_antechambers
D:6:      lemuel_ratsnest, layout_cave_pools, mainiacjoe_overflow_alcove_1,
          serial_shops, shop, nicolae_shop_overgrown_old_shop,
          nicolae_stop_n_shop_2, shop, uniq_eustachio

Skill      XL: |  1  2  3  4  5  6 |
---------------+-------------------+-----
Spellcasting   | 2 3 4 |  4.3
Fighting       | 2 3 |  3.6
Crossbows      | |  1.0
Throwing       | |  1.0
Armour         | |  1.0
Dodging        | |  1.1
Stealth        | |  1.0
Shields        | |  1.0

Action                   |  1- 3 |  4- 6 || total
-------------------------+-------+-------++-------
Melee: Long sword        |       |    30 ||    30
       Dagger            |       |     6 ||     6
 Fire: Hand crossbow     |    85 |   121 ||   206
 Cast: Petrify           |       |     1 ||     1
  Use: Scroll            |       |     9 ||     9
       Potion            |       |     3 ||     3
 Stab: Petrified         |       |     6 ||     6
Armor: Leather armour    |    21 |    15 ||    36
       Skin              |       |     9 ||     9
Dodge: Dodged            |    24 |    41 ||    65
Block: Buckler           |     6 |    18 ||    24

Table legend: (Time is in decaauts)
 A = Elapsed time spent in this place.
 B = Non-inter-level travel time spent in this place.
 C = Inter-level travel time spent in this place.
 D = Time resting spent in this place.
 E = Time spent auto-exploring this place.
 F = Levels seen in this place.
 G = Mean time per level.
                   A        B        C        D        E       F      G
               +--------+--------+--------+--------+--------+-----+--------+
         Total |   3535 |   3434 |    101 |    645 |   2188 |   6 |  589.2 |
       Dungeon |   3535 |   3434 |    101 |    645 |   2188 |   6 |  589.2 |
               +--------+--------+--------+--------+--------+-----+--------+

Top non-repeatable levels by time:
     D:1: 1031 daAuts
     D:3: 964 daAuts
     D:5: 809 daAuts
     D:2: 572 daAuts
     D:4: 120 daAuts
     D:6: 37 daAuts
